 Dungeon Crawl Stone Soup version 0.18.1-8-gdd0e5ea (webtiles) character file.

39 santipi the Grave Robber (level 3, 0/24 HPs)
             Began as a Vampire Necromancer on June 8, 2016.
             Slain by a hobgoblin
             ... wielding a +0 club
             ... led by Robin
              (4 damage)
             ... on level 2 of the Dungeon.
             The game lasted 00:04:01 (732 turns).

santipi the Grave Robber (Vampire Necromancer)       Turns: 732, Time: 00:04:01

Health: 0/24       AC:  3    Str:  7    XL:     3   Next: 26%
Magic:  1/6        EV: 13    Int: 18    God:
Gold:   68         SH:  0    Dex: 14    Spells: 1 memorised, 5 levels left

rFire  . . .     SeeInvis +     d - +1 short sword (vamp)
rCold  . . .     Gourm    .     a - +0 robe
rNeg   + . .     Faith    .     (no shield)
rPois  .         Spirit   .     (no helmet)
rElec  .         Dismiss  .     (no cloak)
rCorr  .         Reflect  .     (no gloves)
SustAt .         Harm     .     e - +0 pair of boots
MR     .....                    (no amulet)
Stlth  +++.......               (no ring)
                                (no ring)

@: not resistant to hostile enchantments, fairly stealthy
A: fangs 3, see invisible, unbreathing
a: Bat Form


You were on level 2 of the Dungeon.
You were not thirsty.

You visited 1 branch of the dungeon, and saw 2 of its levels.

You collected 68 gold pieces.

Inventory:

Hand Weapons
 d - a +1 vampiric short sword (weapon)
Armour
 a - a +0 robe (worn)
 e - a +0 pair of boots (worn)
Potions
 c - 6 potions of blood
 f - 3 potions of heal wounds
 g - a potion of curing {unknown}
Books
 b - a book of Necromancy

   Spells                             Type                      Level
   a - Pain                           Necromancy                   1
   b - Animate Skeleton               Necromancy                   1
   c - Vampiric Draining              Necromancy                   3
   d - Regeneration                   Charms/Necromancy            3
   e - Animate Dead                   Necromancy                   4
   f - Control Undead                 Necromancy                   4


   Skills:
 + Level 2.5 Dodging
 + Level 3.3 Stealth
 + Level 2.3 Spellcasting
 + Level 5.1 Necromancy


You had 5 spell levels left.
You knew the following spells:

 Your Spells              Type           Power        Failure   Level  Hunger
a - Pain                  Necr           ###.         1%          1    #......


Dungeon Overview and Level Annotations

Branches:
Dungeon (2/15)

Altars:


Innate Abilities, Weirdness & Mutations

You have razor-sharp teeth.
You have supernaturally acute eyesight.
You can survive without breathing.


Message History

You hit the hobgoblin but do no damage.
The hobgoblin no longer looks unusually strong.
The goblin misses you. The hobgoblin closely misses you.
You closely miss the goblin. The goblin completely misses you.
The hobgoblin hits you with a club.
You hit the hobgoblin.
You feel better.
The hobgoblin is lightly wounded.
The goblin barely misses you. The hobgoblin closely misses you.
You closely miss the goblin. The goblin hits you.
The hobgoblin hits you but does no damage.
The goblin hits you.
You barely miss the goblin.
The goblin no longer looks unusually strong.
The goblin closely misses you. The hobgoblin hits you with a club.
* * * LOW HITPOINT WARNING * * *
You barely miss the goblin. The goblin misses you.
The hobgoblin closely misses you.
You closely miss the goblin. The goblin barely misses you.
The hobgoblin hits you with a club.
You die...

........ .
######## ##.
###### ...
#..... ..#
##.#### #.##
#####...###
#.$
......#....
#g#
####...###
#. #@#
#.....##
###.##g#####
#.#####
#..........#
#.#
#.#........#
#.#
#.##.##..#
#.# #.
#.##..###.#
#
#..>......#
#.##..#####
#.##...gg#


You could see a hobgoblin and a goblin.

Vanquished Creatures
  Robin (D:2)
  A bat (D:1)
  A giant cockroach (D:2)
  7 hobgoblins
  2 giant newts (D:1)
  8 goblins
  5 kobolds
  2 rats (D:1)
27 creatures vanquished.

Notes
Turn   | Place    | Note
--------------------------------------------------------------
     0 | D:1      | santipi the Vampire Necromancer began the quest for the Orb.
     0 | D:1      | Reached XP level 1. HP: 13/13 MP: 3/3
   294 | D:1      | Reached XP level 2. HP: 19/19 MP: 3/5
   695 | D:2      | Reached skill level 5 in Necromancy
   696 | D:2      | Noticed Robin
   718 | D:2      | Reached XP level 3. HP: 9/24 MP: 0/6
   724 | D:2      | Killed Robin
   732 | D:2      | Slain by a hobgoblin

Skill      XL: |  1  2 |
---------------+-------+-----
Necromancy     | 5 |  5.1
Dodging        | |  2.5
Stealth        | |  3.3
Spellcasting   | |  2.3

Action                   || total
-------------------------++-------
Melee: Short sword       ||    41
       Bite              ||     3
 Cast: Pain              ||    18
  Use: Potion            ||     5
       Scroll            ||     1
 Stab: Sleeping          ||     1
Armor: Robe              ||     5
Dodge: Dodged            ||    28
